 Dungeon Sprint DCSS version 0.19-a0-1532-g228a5d9 (webtiles) character file.

84 poirepourri the Covert (level 4, -6/21 HPs)
             Began as a Spriggan Enchanter on Sept 13, 2016.
             Splashed by an oklob sapling priest's acid (13 damage)
             ... in the Dungeon (Sprint IV: "Fedhas' Mad Dash").
             The game lasted 00:00:44 (510 turns).

poirepourri the Covert (Spriggan Enchanter)          Turns: 510, Time: 00:00:45

Health: -6/21      AC: -1    Str:  4    XL:     4   Next: 23%
Magic:  9/9        EV: 21    Int: 16    God:
Gold:   82         SH:  0    Dex: 17    Spells: 3 memorised, 3 levels left

rFire  . . .     SeeInvis +     a - +1 dagger
rCold  . . .     Gourm    .     b - +1 robe
rNeg   . . .     Faith    .     (shield restricted)
rPois  .         Spirit   .     (helmet restricted)
rElec  .         Dismiss  .     (no cloak)
rCorr  .         Reflect  .     (gloves unavailable)
MR     .....     Harm     .     (boots unavailable)
Stlth  +++++..... NoTele   +    (no amulet)
                                (no ring)
                                (no ring)

@: corroded, very quick
A: unfitting armour, see invisible, herbivore 3, speed 3, slow metabolism 2
a: no special abilities


You were in the Dungeon.
You were not hungry.

You visited 1 branch You collected 82 gold pieces.

Inventory:

Hand Weapons
 a - a +1 dagger (weapon)
Armour
 b - a +1 robe (worn)
Jewellery
 e - the amulet of invisibility {+Inv}
   (You found it in the Dungeon)

   [amulet of nothing]

   It lets you turn invisible.
Scrolls
 j - a scroll of blinking
Potions
 f - a potion of heal wounds
 g - a potion of haste
 h - a potion of magic
Books
 c - a book of Maledictions

   Spells                             Type                      Level
   a - Corona                         Hexes                        1
   b - Ensorcelled Hibernation        Hexes/Ice                    2
   c - Confuse                        Hexes                        3
   d - Tukima's Dance                 Hexes                        3
   e - Dazzling Spray                 Conjuration/Hexes            3
Comestibles
 d - a bread ration


   Skills:
 + Level 3.1 Short Blades
 + Level 6.1 Dodging
 + Level 10.6 Stealth
 + Level 3.1 Spellcasting
 + Level 4.5 Hexes


You had 3 spell levels left.
You knew the following spells:

 Your Spells              Type           Power        Failure   Level  Hunger
a - Corona                Hex            ###....      3%          1    None
b - Ensorcelled Hibernat  Hex/Ice        #.....       12%         2    ##.....
c - Confuse               Hex            ###.....     12%         3    ###....


Dungeon Overview and Level Annotations

Branches:
Dungeon (1/1)

Altars:
Cheibriados
Dithmenos
Elyvilon
Gozag
Hepliaklqana
Kikubaaqudgha
Makhleb
Nemelex Xobeh
Okawaru
Qazlal
Ru
Sif Muna
Trog
Uskayaw
Vehumet
Xom
Yredelemnul
Zin
The Shining One
Beogh
Jiyva
Lugonu

Annotations:
D exclusion: oklob sapling


Innate Abilities, Weirdness & Mutations

You are tiny and cannot use many weapons and most armour.
You have supernaturally acute eyesight. (SInv)
You are a herbivore.
You cover ground extremely quickly.
You need consume almost no food.


Message History

You start resting.
Magic restored.
You start waiting.
Your magical contamination has completely faded away.
There is an open door here.
You see here a dagger.
You open the door.
Marking area around the oklob sapling priest as unsafe for travelling.
An oklob sapling priest comes into view.
Found a viscous altar of Jiyva and a bloodstained altar of Trog.
There is an open door here.
Found three altars.
Found two altars.
Found three altars.
The oklob sapling priest spits acid at you.
The splash of acid hits you!
Ouch! That really hurt!
The acid corrodes you!
The acid burns!
Ouch! That really hurt!
You die...

########################
#.....#.....#.⌠._._._._.
÷.....'.#().'.._._._._._
#.....#.#†..#...@._P_._.
##########'##.._._._._._
+...#.⌠._._._._.
#...############ #####


You could see an oklob sapling priest.

Vanquished Creatures
  2 oklob saplings (D)
  A worker ant (D)
  A river rat (D)
  A rat (D)
5 creatures vanquished.

Notes
Turn   | Place    | Note
-------+----------+-------------------------------------------
     0 | D        | poirepourri the Spriggan Enchanter began the quest for the Orb.
     0 | D        | Reached XP level 1. HP: 9/9 MP: 5/5
    20 | D        | Reached skill level 6 in Stealth
    20 | D        | Reached XP level 2. HP: 5/13 MP: 6/6
   392 | D        | Learned a level 2 spell: Ensorcelled Hibernation
   395 | D        | Noticed an oklob sapling
   397 | D        | Killed an oklob sapling
   397 | D        | Reached skill level 5 in Dodging
   397 | D        | Reached skill level 9 in Stealth
   397 | D        | Reached XP level 3. HP: 16/16 MP: 8/8
   403 | D        | Reached skill level 10 in Stealth
   420 | D        | Learned a level 3 spell: Confuse
   421 | D        | Found an opulent altar of Gozag.
   421 | D        | Found a hazy altar of Hepliaklqana.
   421 | D        | Found a burning altar of Makhleb.
   421 | D        | Found a roughly hewn altar of Beogh.
   421 | D        | Found a sparkling altar of Nemelex Xobeh.
   421 | D        | Found a snail-covered altar of Cheibriados.
   421 | D        | Found a sacrificial altar of Ru.
   421 | D        | Found a deep blue altar of Sif Muna.
   421 | D        | Found a shimmering altar of Xom.
   421 | D        | Found a basalt altar of Yredelemnul.
   424 | D        | Noticed an oklob sapling
   435 | D        | Killed an oklob sapling
   435 | D        | Reached XP level 4. HP: 21/21 MP: 5/9
   506 | D        | Found a viscous altar of Jiyva.
   506 | D        | Found a bloodstained altar of Trog.
   507 | D        | Found an iron altar of Okawaru.
   507 | D        | Found a shadowy altar of Dithmenos.
   507 | D        | Found a glowing silver altar of Zin.
   508 | D        | Found an ancient bone altar of Kikubaaqudgha.
   508 | D        | Found a hide-covered altar of Uskayaw.
   509 | D        | Found a stormy altar of Qazlal.
   509 | D        | Found a glowing golden altar of the Shining One.
   509 | D        | Found a white marble altar of Elyvilon.
   510 | D        | Found a radiant altar of Vehumet.
   510 | D        | Found a corrupted altar of Lugonu.
   510 | D        | Splashed by an oklob sapling priest's acid

Vault maps used:
D:        dungeon_sprint_fedhas

Skill      XL: |  1  2  3 |
---------------+----------+-----
Dodging        | 4 5 6 |  6.1
Stealth        | 6 9 10 | 10.6
Short Blades   | 2 3 |  3.1
Spellcasting   | 3 |  3.1
Hexes          | 4 |  4.5

Action                   |  1- 3 |  4- 6 || total
-------------------------+-------+-------++-------
Melee: Dagger            |    14 |       ||    14
 Cast: Confuse           |     1 |       ||     1
  Use: Potion            |     3 |       ||     3
 Stab: Sleeping          |     2 |       ||     2
       Confused          |     1 |       ||     1
Dodge: Dodged            |     5 |       ||     5
